 Dungeon Crawl Stone Soup version 0.30-a0-439-g9e77e4d916 (webtiles) character file.

Game seed: 5243571491808061126

4 McMuffin the Chiller (level 1, 0/13 HPs)
             Began as a Demonspawn Wanderer on Dec 10, 2022.
             Slain by a jackal (2 damage)
             ... on level 1 of the Dungeon.
             The game lasted 00:02:17 (93 turns).

McMuffin the Chiller (Demonspawn Wanderer)            Turns: 93, Time: 00:02:18

Health: 0/13       AC:  2    Str: 10    XL:     1   Next: 58%
Magic:  1/3        EV: 11    Int: 11    God:
Gold:   0          SH:  0    Dex: 16    Spells: 3/4 levels left

rFire   . . .      SeeInvis .    a - +0 dagger
rCold   . . .      Faith    .    (no shield)
rNeg    . . .      Spirit   .    e - +0 robe
rPois   .          Reflect  .    (no helmet)
rElec   .          Harm     .    (no cloak)
rCorr   .          Rampage  .    (no gloves)
Will    .....                    (no boots)
Stlth   ++........               (no amulet)
HPRegen 0.22/turn                (no ring)
MPRegen 0.08/turn                (no ring)

@: no status effects
A: no striking features
a: no special abilities


You were on level 1 of the Dungeon.
You visited 1 branch of the dungeon, and saw 1 of its levels.

Inventory:

Hand Weapons
 a - a +0 dagger (weapon)
Missiles
 b - 12 poisoned darts
Armour
 e - a +0 robe (worn)
Scrolls
 d - a scroll of fog
Potions
 c - a potion of curing


   Skills:
 + Level 1.0 Throwing
 + Level 1.0 Armour
 + Level 1.0 Stealth
 + Level 1.7 Unarmed Combat
 + Level 2.1 Spellcasting
 + Level 2.9 Ice Magic


You had 3 spell levels left.
You knew the following spells:

 Your Spells              Type           Power      Damage    Failure   Level
a - Freeze                Ice            28%        1d5       9%          1

Your spell library contained the following spells:

 Spells                   Type           Power      Damage    Failure   Level
 Ozocubu's Armour         Ice            7%         N/A       26%         3
 Hailstorm                Conj/Ice       4%         3d4       43%         3


Dungeon Overview and Level Annotations

Branches:
Dungeon (1/15)

Altars:


Message History

You freeze the endoplasm.
The endoplasm is moderately wounded.
The jackal barks! x2
You hear a shout!
The endoplasm barely misses you.
You hit the endoplasm.
The endoplasm is severely wounded.
The endoplasm hits you. The jackal barely misses you.
The endoplasm freezes you.
You are frozen.
The jackal barely misses you. The endoplasm attacks as you move away!
The endoplasm closely misses you. The bat attacks as you move away!
The bat hits you but does no damage. The jackal attacks as you move away!
The jackal closely misses you. The bat hits you but does no damage.
The jackal barely misses you. The bat hits you. The jackal bites you.
Aiming: Freeze (safe; 10% risk of failure)
Press: ? - help, Q - select action, (/) - cycle Shift-Dir - straight line, f - bat, p - endoplasm
Aim: a bat You freeze the bat.
You kill the bat!
The jackal bites you.
You hit the jackal.
The jackal is lightly wounded.
The jackal bites you.
* * * LOW HITPOINT WARNING * * *
You closely miss the jackal.
The jackal is lightly wounded.
The jackal barely misses you.
Aiming: Freeze (safe; 9% risk of failure)
Press: ? - help, Q - select action, (/) - cycle Shift-Dir - straight line, f - jackal
Aim: a jackal (lightly wounded)
You freeze the jackal.
You kill the jackal!
The jackal barely misses you.
You barely miss the jackal. The jackal barely misses you.
You hit the jackal but do no damage. The jackal bites you.
* * * LOW HITPOINT WARNING * * *
The jackal bites you.
You die...

.....................##.
....$................ #.
.............#...... ##
#.........#.....#
#.........#.....# ##
####g...........####.
#Jh..#.###).......
#h####....>####### #@#
##.#### #.# #.# #.# #.#
#.#####.# #.......#
#########


You could see an endoplasm, 2 jackals and a goblin.

Vanquished Creatures
  A bat (D:1)
  A jackal (D:1)
  A kobold (D:1)
  A rat (D:1)
4 creatures vanquished.

Notes
Turn   | Place    | Note
-------+----------+-------------------------------------------
     0 | D:1      | McMuffin the Demonspawn Wanderer began the quest for the
                  | Orb.
     0 | D:1      | McMuffin set off with the following items: a +0 dagger, 14
                  | poisoned darts, a potion of curing, a scroll of fog, a +0
                  | robe; and the following spell memorised: Freeze; and the
                  | following spells available to memorise: Ozocubu's Armour,
                  | Hailstorm.
     0 | D:1      | Reached XP level 1. HP: 13/13 MP: 3/3
    93 | D:1      | Slain by a jackal

Illustrated notes

Levels and vault maps discovered:
D:1:      shiori_arrival_oz, layout_basic,
          hellmonk_ecumenical_altar_arch_garden, chequers_decorated_corner,
          minmay_crystal_water

Action                   || total
-------------------------++-------
Melee: Dagger            ||     5
Throw: Dart              ||     3
 Cast: Freeze            ||     6
Armor: Robe              ||     2
Dodge: Dodged            ||    10

Table legend: (Time is in decaauts)
 A = Elapsed time spent in this place.
 B = Non-inter-level travel time spent in this place.
 C = Inter-level travel time spent in this place.
 D = Time resting spent in this place.
 E = Time spent auto-exploring this place.
 F = Levels seen in this place.
 G = Mean time per level.
                   A        B        C        D        E       F      G
               +--------+--------+--------+--------+--------+-----+--------+
         Total |     92 |     92 |      0 |      0 |      0 |   1 |   92.0 |
       Dungeon |     92 |     92 |      0 |      0 |      0 |   1 |   92.0 |
               +--------+--------+--------+--------+--------+-----+--------+

Top non-repeatable levels by time:
     D:1: 92 daAuts
